 Dungeon Crawl Stone Soup version 0.22-a0-553-g9358b0b (webtiles) character file.

108971 Hebeh the Severer (level 16, -3/147 HPs)
             Began as a Minotaur Fighter on June 25, 2018.
             Was a High Priest of Trog.
             Slain by the 27-headed Lernaean hydra (8 damage)
             ... on level 4 of the Swamp.
             The game lasted 03:59:36 (34328 turns).

Hebeh the Severer (Minotaur Fighter)               Turns: 34328, Time: 03:59:37

Health: -3/147     AC: 19    Str: 29    XL:     16   Next: 3%
Magic:  22/22      EV: 10    Int:  5    God:    Trog [*****.]
Gold:   2208       SH: 17    Dex:  9    Spells: 15/15 levels left

rFire    + + .     SeeInvis +   b - +10 broad axe of the Special Cities {holy, rF+ rN+ MR+ SInv}
rCold    . . .     Gourm    .   c - +1 shield
rNeg     + . .     Faith    .   q - quicksilver dragon scales
rPois    +         Spirit   .   G - +1 hat of Imperfection {rF+}
rElec    .         Reflect  +   (no cloak)
rCorr    +         Harm     .   r - +0 pair of gloves
MR       +++..                  o - +0 pair of boots
Stlth    ..........             B - +2 amulet of reflection
HPRegen  0.34/turn              R - ring of resist corrosion
MPRegen  0.18/turn              i - ring of poison resistance

@: no status effects
A: retaliatory headbutt, horns 2
a: Berserk, Trog's Hand, Brothers in Arms, Renounce Religion


You were on level 4 of the Swamp.
You worshipped Trog.
Trog was extremely pleased with you.
You were not hungry.

You visited 6 branches of the dungeon, and saw 28 of its levels.

You collected 2208 gold pieces.

Inventory:

Hand Weapons
 a - the +12 spear "Quistergh" {venom, Str+4}
   (You found it on level 5 of the Dungeon)

   It poisons the flesh of those it strikes.
   It affects your strength (+4).
 b - the +10 broad axe of the Special Cities (weapon) {holy, rF+ rN+ MR+ SInv}
   (You found it on level 1 of the Swamp)

   It has been blessed by the Shining One to cause great damage to the undead
   and demons.
   It protects you from fire.
   It protects you from negative energy.
   It affects your resistance to hostile enchantments.
   It lets you see invisible.
Armour
 c - a +1 shield (worn)
 o - a +0 pair of boots (worn)
 q - quicksilver dragon scales (worn)
 r - a +0 pair of gloves (worn)
 G - the +1 hat of Imperfection (worn) {rF+}
   (You acquired it on level 3 of the Swamp)

   It protects you from fire.
 J - a +4 plate armour of poison resistance
 T - the +2 ring mail "Vaoxunn" {rN++ rCorr}
   (You found it on level 4 of the Lair of Beasts)

   It greatly protects you from negative energy.
   It protects you from acid and corrosion.
Jewellery
 i - a ring of poison resistance (right hand)
 B - a +2 amulet of reflection (around neck)
 R - a ring of resist corrosion (left hand)
 S - an uncursed ring of protection from cold
Wands
 e - a wand of clouds (8)
 u - a wand of random effects (66)
 w - a wand of paralysis (6)
 F - a wand of polymorph (17)
 I - a wand of flame (72)
 M - a wand of iceblast (15)
Scrolls
 l - 4 scrolls of identify
 m - 5 scrolls of fear
 n - 2 scrolls of enchant armour
 t - 8 scrolls of remove curse
 y - 4 scrolls of teleportation
 z - 3 scrolls of magic mapping
 D - a scroll of silence {unknown}
 E - a scroll of random uselessness {unknown}
 L - 3 scrolls of immolation
 O - 4 scrolls of fog
 P - 2 scrolls of blinking
 Z - a scroll of summoning
Potions
 d - 5 potions of might
 g - 2 potions of ambrosia
 h - 4 potions of mutation
 j - 8 potions of curing
 k - 2 potions of flight
 p - 5 potions of invisibility
 s - a potion of haste {unknown}
 v - 2 potions of agility
 x - 2 potions of magic {unknown}
 A - 2 potions of berserk rage
 C - 3 potions of brilliance {unknown}
 K - a potion of degeneration {unknown}
 N - 2 potions of lignification {unknown}
 Q - a potion of heal wounds
 V - 2 potions of resistance {unknown}
Miscellaneous
 W - a lamp of fire
Comestibles
 f - 24 rations


   Skills:
 + Level 14.6 Fighting
 * Level 17.2(17.9) Axes
 - Level 9.1(14.2) Polearms
 + Level 14.6 Armour
 - Level 15.0 Shields
 - Level 0.2 Spellcasting
 - Level 10.0 Evocations


You had 15 spell levels left.
You didn't know any spells.
Your spell library was empty.

Dungeon Overview and Level Annotations

Branches:
Dungeon (14/15)            Temple (1/1) D:5            Lair (6/6) D:10
  Swamp (4/4) Lair:3        Snake (0/4) Lair:3        Slime (0/5) Lair:6
    Orc (2/2) D:11            Elf (2/3) Orc:2        Vaults (0/5) D:13

Altars:
Ashenzari
Elyvilon
Gozag
Hepliaklqana
Nemelex Xobeh
Okawaru
Trog
Uskayaw
Vehumet
Xom
Zin
The Shining One
Beogh

Shops:
D:9 [   Orc:2 *([:

Annotations:
D:12 Kirke
Swamp:4 Lernaean hydra


Innate Abilities, Weirdness & Mutations

You reflexively headbutt those who attack you in melee.
You have a pair of horns on your head.


Message History

The 27-headed Lernaean hydra bites you but does no damage.
The 27-headed Lernaean hydra bites you.
* * * LOW HITPOINT WARNING * * *
The 27-headed Lernaean hydra bites you!
* * * LOW HITPOINT WARNING * * *
The 27-headed Lernaean hydra bites you.
* * * LOW HITPOINT WARNING * * *
The 27-headed Lernaean hydra bites you but does no damage. x2
The 27-headed Lernaean hydra bites you.
* * * LOW HITPOINT WARNING * * *
Okay, then.
Evoke which item? (* to show all) (? for menu, Esc to quit)
Aiming: Paralyse
Press: ? - help, Shift-Dir - straight line, f - 27-headed Lernaean hydra
Aim: the 27-headed Lernaean hydra (lightly wounded, chance to defeat MR: 3%)
The 27-headed Lernaean hydra resists with almost no effort.
The 27-headed Lernaean hydra bites you but does no damage.
You block the 27-headed Lernaean hydra's attack.
The 27-headed Lernaean hydra bites you!
You die...

#.≈♣≈.≈....♣
♣♣≈≈≈≈≈≈.<≈ ♣$≈≈≈...≈♣
♣≈≈≈≈≈≈... #≈.♣≈.♣♣
♣♣..≈≈≈.≈♣ ♣D[...♣♣♣
♣♣♣.≈≈≈.. ##†.≈≈≈.♣♣
♣≈..≈≈≈≈≈
#≈.≈≈≈.≈♣♣♣♣<≈≈≈≈≈.≈
#♣.≈.≈≈.≈≈♣♣.≈♣≈≈≈≈♣.
##≈≈.D≈♣♣..≈♣≈♣♣♣≈≈≈..
#♣≈§≈≈@♣♣♣♣♣♣♣≈§♣♣..♣♣≈
#≈≈.≈..♣♣♣.≈≈.≈♣♣♣.≈♣ ♣
♣.≈♣♣♣♣..≈≈≈≈≈.♣♣ ♣♣♣♣
≈≈≈♣ ♣♣♣≈≈≈≈≈≈≈.♣ .♣♣
♣..≈≈≈≈..♣♣♣ ♣.≈≈≈≈§≈♣♣
♣♣≈≈≈≈.♣♣
♣♣.≈≈≈≈≈♣♣♣♣♣♣
♣.≈≈≈≈≈.♣♣.≈.♣ ♣


You could see the 27-headed Lernaean hydra and a swamp dragon.

Vanquished Creatures
  2 thorn hunters
  2 orc warlords
  Fannar (Lair:3)
  A catoblepas (Lair:4)
  15 hydras
  Erica (D:8)
  The ghost of kirsanium the Grappler, a novice NaTm (D:8)
  An anaconda (Swamp:4)
  An orc high priest (Orc:2)
  3 two-headed ogres
  Urug (Orc:1)
  13 alligators
  4 deep elf knights (Elf:1)
  Sonja (D:12)
  11 spriggans
  4 skeletal warriors (D:11)
  An unseen horror (D:10)
  A deep elf archer (Elf:1)
  The ghost of grizmgrazm2 the Shield-Bearer, a novice GrFi (D:7)
  8 swamp dragons
  4 shambling mangroves
  2 orc knights
  2 wolf spiders (Lair:5)
  21 deep elf magi
  2 cyclopes
  2 orc sorcerers (Orc:1)
  2 ugly things (D:11)
  9 elephants
  2 manticores
  Joseph (D:8)
  6 black mambas
  14 spiny frogs
  A torpor snail (Lair:3)
  A rime drake (Lair:1)
  5 komodo dragons
  6 trolls
  2 tyrant leeches (Swamp:2)
  9 slime creatures (D:13)
  16 hornets
  9 blink frogs
  3 bog bodies
  8 hippogriffs
  A spriggan (shapeshifter) (D:13)
  A vampire (D:13)
  2 wyverns
  40 yaks
  A human (D:7)
  4 basilisks
  A hungry ghost (D:11)
  14 vampire mosquitoes
  6 hogs
  Menkaure (D:4)
  10 swamp worms
  23 insubstantial wisps
  4 nagas (Lair:3)
  A warg (Orc:2)
  14 water moccasins
  4 porcupines
  Purgy (D:3)
  23 orc warriors
  A sky beast (D:13)
  An ice beast (D:7)
  A black bear (D:8)
  A hornet zombie (D:8)
  11 swamp drakes
  11 ogres
  A necrophage (D:13)
  A phantom (D:11)
  5 wolves (Lair:5)
  3 centaurs
  3 big kobolds (D:9)
  16 crocodiles
  15 bullfrogs
  Blork the orc (D:4)
  3 killer bees (D:8)
  8 scorpions
  The ghost of Turgon the Vandal, a weakling DsHu (D:4)
  7 wights
  2 electric eels (D:12)
  2 howler monkeys (D:12)
  4 crimson imps
  A quasit (D:12)
  2 jellies
  A hound (D:5)
  20 orc wizards
  2 bullfrog skeletons
  13 orc priests
  2 centaur skeletons
  4 iguanas
  10 hell rats (Lair:4)
  8 worker ants
  2 hound skeletons (D:11)
  7 gnolls
  16 adders
  2 shadow imps
  An adder skeleton (D:7)
  4 worms
  5 dart slugs
  8 leopard geckos
  59 orcs
  4 giant cockroaches
  5 goblins
  6 hobgoblins
  13 jackals
  6 kobolds
  2 quokkas
  2 ball pythons
  11 bats
  6 frilled lizards
  3 goblin skeletons (D:4)
  A goblin zombie (D:4)
  2 hobgoblin zombies (D:4)
  A kobold skeleton (D:4)
  A kobold zombie (D:4)
  An orc skeleton (D:4)
  An orc zombie (D:4)
  A quokka zombie (D:7)
  15 rats
  5 briar patches (Swamp:2)
  A bush (Lair:5)
  3 fungi
  9 plants
715 creatures vanquished.

Vanquished Creatures (others)
  A centaur warrior (D:13)
  A spriggan druid (Swamp:2)
  A deep elf archer (Elf:1)
  A cyclops (D:13)
  A centaur (Lair:3)
  2 kobolds (D:9)
  A bush (Lair:4)
  15 fungi
  22 plants
45 creatures vanquished.

Grand Total: 760 creatures vanquished

Notes
Turn   | Place    | Note
-------+----------+-------------------------------------------
     0 | D:1      | Hebeh the Minotaur Fighter began the quest for the Orb.
     0 | D:1      | Reached XP level 1. HP: 19/19 MP: 0/0
    74 | D:1      | Reached XP level 2. HP: 25/27 MP: 1/1
   102 | D:1      | Reached skill level 3 in Axes
   198 | D:1      | Reached XP level 3. HP: 28/33 MP: 2/2
   364 | D:1      | Found a shattered altar of Ashenzari.
  1104 | D:2      | Reached XP level 4. HP: 34/40 MP: 3/3
  1191 | D:2      | You fall through a shaft!
  1239 | D:3      | Noticed Purgy
  1245 | D:3      | Reached skill level 4 in Axes
  1261 | D:3      | Killed Purgy
  1261 | D:3      | Reached XP level 5. HP: 18/47 MP: 4/4
  1486 | D:3      | Reached skill level 5 in Axes
  1863 | D:3      | Found a shimmering altar of Xom.
  1957 | D:3      | Reached XP level 6. HP: 53/55 MP: 5/5
  2070 | D:3      | Found a faded altar of an unknown god.
  2387 | D:4      | Found a glowing golden altar of the Shining One.
  2401 | D:4      | Reached skill level 5 in Armour
  2401 | D:4      | Reached skill level 5 in Shields
  2434 | D:4      | Reached skill level 5 in Fighting
  2453 | D:4      | Noticed Menkaure
  2459 | D:4      | Killed Menkaure
  2491 | D:4      | Reached skill level 6 in Axes
  2498 | D:4      | Reached XP level 7. HP: 35/61 MP: 6/6
  2696 | D:4      | Found a hide-covered altar of Uskayaw.
  2704 | D:4      | Found an opulent altar of Gozag.
  2726 | D:4      | Found a runed door.
  2727 | D:4      | Noticed Turgon's ghost (weakling DsHu)
  2968 | D:4      | Noticed Blork the orc
  2976 | D:4      | Killed Blork the orc
  3503 | D:4      | Killed Turgon's ghost
  3503 | D:4      | Reached skill level 7 in Axes
  3540 | D:5      | Entered Level 5 of the Dungeon
  3556 | D:5      | Got a warped spear
  3557 | D:5      | Identified the +12 spear "Quistergh" {venom, Str+4} (You found it on level 5 of the Dungeon)
  3755 | D:5      | Found a staircase to the Ecumenical Temple.
  3773 | Temple   | Entered the Ecumenical Temple
  3793 | Temple   | Became a worshipper of Trog the Wrathful
  3857 | D:5      | Reached skill level 1 in Polearms
  3857 | D:5      | Reached XP level 8. HP: 65/70 MP: 7/7
  4038 | D:5      | You fall through a shaft for 2 floors!
  4120 | D:7      | Reached skill level 8 in Axes
  4170 | D:7      | Found a runed door.
  4171 | D:7      | Noticed grizmgrazm2's ghost (novice GrFi)
  4212 | D:7      | Reached skill level 9 in Axes
  4212 | D:7      | Reached XP level 9. HP: 73/79 MP: 8/8
  4248 | D:7      | Reached * piety under Trog
  4860 | D:7      | Killed grizmgrazm2's ghost
  5010 | D:8      | Noticed Joseph
  5022 | D:8      | Killed Joseph
  5022 | D:8      | Reached skill level 10 in Axes
  5022 | D:8      | Reached skill level 1 in Evocations
  5056 | D:8      | Reached skill level 5 in Polearms
  5274 | D:8      | Noticed Erica
  5278 | D:8      | Found a runed gate.
  5288 | D:8      | Killed Erica
  5288 | D:8      | Reached XP level 10. HP: 40/88 MP: 10/10
  5544 | D:8      | Found a runed gate.
  5551 | D:8      | Noticed kirsanium's ghost (novice NaTm)
  5552 | D:8      | Found a runed gate.
  5552 | D:8      | Noticed a nine-headed hydra
  5576 | D:8      | Killed a nine-headed hydra
  5614 | D:8      | Killed kirsanium's ghost
  5614 | D:8      | Reached ** piety under Trog
  5614 | D:8      | Reached skill level 11 in Axes
  6080 | D:9      | Found a sparkling altar of Nemelex Xobeh.
  6147 | D:9      | You fall through a shaft for 3 floors!
  6300 | D:11     | Found a staircase to the Orcish Mines.
  6562 | D:10     | Entered Level 10 of the Dungeon
  7050 | D:9      | Reached XP level 11. HP: 97/97 MP: 12/12
  7334 | D:9      | Found Sikun's Armour Shop.
  7491 | D:10     | Noticed a two-headed ogre
  7509 | D:10     | Killed a two-headed ogre
  7618 | D:10     | Got an ancient war axe
  7816 | D:10     | Reached skill level 12 in Axes
  8053 | D:10     | Found a staircase to the Lair.
  8074 | D:10     | Reached *** piety under Trog
  8192 | D:10     | Noticed an unseen horror
  8198 | D:10     | Killed an unseen horror
  8377 | D:10     | Identified the cursed +1 war axe "Maneoz" {pain, rC+} (You found it on level 10 of the Dungeon)
  8697 | D:11     | Noticed a green ugly thing
  8708 | D:11     | Killed a green ugly thing
  8774 | D:11     | Noticed a green ugly thing
  8785 | D:11     | Killed a green ugly thing
  9182 | D:11     | Noticed a skeletal warrior
  9184 | D:11     | Noticed a skeletal warrior
  9488 | D:11     | Killed a skeletal warrior
  9768 | D:11     | Noticed a skeletal warrior
  9799 | D:11     | Killed a skeletal warrior
  9819 | D:11     | Killed a skeletal warrior
  9819 | D:11     | Reached skill level 10 in Armour
 10153 | D:11     | Noticed a skeletal warrior
 10179 | D:11     | Killed a skeletal warrior
 10179 | D:11     | Reached skill level 10 in Shields
 10698 | Orc:1    | Entered Level 1 of the Orcish Mines
 10731 | Orc:1    | Received a gift from Trog
 10731 | Orc:1    | Reached skill level 10 in Fighting
 10764 | Orc:1    | Noticed a two-headed ogre
 10788 | D:11     | Killed a two-headed ogre
 10788 | D:11     | Reached skill level 5 in Evocations
 10788 | D:11     | Reached XP level 12. HP: 90/106 MP: 14/14
 11410 | Orc:2    | Entered Level 2 of the Orcish Mines
 11691 | Orc:1    | Noticed an orc warlord
 11876 | Orc:2    | Reached **** piety under Trog
 12523 | Orc:2    | Noticed an orc warlord
 12577 | Orc:1    | Killed an orc warlord
 12941 | Orc:2    | Noticed an orc high priest
 12959 | Orc:2    | Killed an orc high priest
 13033 | Orc:2    | Reached skill level 13 in Axes
 13566 | Orc:2    | Found a staircase to the Elven Halls.
 13612 | Orc:2    | Noticed Urug
 13842 | Orc:1    | Killed Urug
 14679 | Orc:2    | Found a roughly hewn altar of Beogh.
 14888 | Orc:2    | Reached ***** piety under Trog
 14988 | Orc:2    | Found Kusaej's Antique Armour Boutique.
 14992 | Orc:2    | Found Dennineb's Book Boutique.
 14997 | Orc:2    | Found Ihuciowk's Antique Weapon Boutique.
 15002 | Orc:2    | Found Tyidif's General Store.
 15481 | Orc:2    | Killed an orc warlord
 16322 | Lair:1   | Entered Level 1 of the Lair of Beasts
 16486 | Lair:1   | Found a shimmering altar of Xom.
 16638 | Lair:1   | Received a gift from Trog
 16868 | Lair:1   | Noticed a four-headed hydra
 16879 | Lair:1   | Killed a four-headed hydra
 17145 | Lair:1   | Reached XP level 13. HP: 116/116 MP: 16/16
 19047 | Lair:3   | Found a staircase to the Snake Pit.
 19845 | Lair:3   | Noticed Fannar
 19855 | Lair:3   | Killed Fannar
 19858 | Lair:3   | Reached skill level 14 in Axes
 19874 | Lair:3   | Found a staircase to the Swamp.
 20491 | Lair:4   | Got a heavily runed ring mail
 20515 | Lair:3   | Identified the +2 ring mail "Vaoxunn" {rN++ rCorr} (You found it on level 4 of the Lair of Beasts)
 22173 | Lair:5   | Reached XP level 14. HP: 123/126 MP: 18/18
 22547 | Lair:6   | Entered Level 6 of the Lair of Beasts
 22628 | Lair:6   | Found a staircase to the Slime Pits.
 22826 | Lair:5   | Received a gift from Trog
 23699 | Elf:1    | Entered Level 1 of the Elven Halls
 26211 | D:12     | Reached skill level 15 in Shields
 26252 | D:12     | Noticed Kirke
 26615 | D:12     | Noticed Sonja
 26623 | D:12     | Killed Sonja
 26759 | D:12     | Received a gift from Trog
 27474 | D:13     | Reached skill level 15 in Axes
 28145 | D:13     | Found a gate to the Vaults.
 28932 | Swamp:1  | Entered Level 1 of the Swamp
 29106 | Swamp:1  | Reached XP level 15. HP: 102/136 MP: 20/20
 29226 | Swamp:1  | Identified a scroll of acquirement
 29246 | Swamp:1  | Received a gift from Trog
 29338 | Swamp:1  | Got a transparent broad axe
 29501 | Lair:3   | Identified the +10 broad axe of the Special Cities {holy, rF+ rN+ MR+ SInv} (You found it on level 1 of the Swamp)
 30953 | Swamp:2  | Noticed a thorn hunter
 30960 | Swamp:2  | Killed a thorn hunter
 31102 | Swamp:2  | Reached skill level 16 in Axes
 32280 | Swamp:3  | Received a gift from Trog
 32653 | Swamp:3  | Noticed a thorn hunter
 32670 | Swamp:3  | Killed a thorn hunter
 32987 | Swamp:3  | Reached skill level 10 in Evocations
 33151 | Swamp:3  | Got a warped hat
 33157 | Swamp:3  | Identified the +1 hat of Imperfection {rF+} (You acquired it on level 3 of the Swamp)
 33357 | Swamp:4  | Entered Level 4 of the Swamp
 33829 | Swamp:3  | Reached skill level 17 in Axes
 34291 | Swamp:4  | Reached XP level 16. HP: 113/147 MP: 22/22
 34317 | Swamp:4  | Noticed the 27-headed Lernaean hydra
 34327 | Swamp:4  | HP: 4/147 [the 27-headed Lernaean hydra (5)]
 34328 | Swamp:4  | Slain by the 27-headed Lernaean hydra

Vault maps used:
D:1:      erik_arrival_orb_chamber, ashenzari_altar_1
D:2:      lemuel_statue_altar
D:3:      lemuel_doored_altar, chequers_ecumenical_altar_island, uniq_purgy
D:4:      chequers_temple_overflow_statue_of_worship,
          nicolae_tso_besieged_by_evil, first_ration,
          ebering_ghost_reflecting_pool, lemuel_flame_loot_1, uniq_menkaure,
          uniq_blork_the_orc
D:5:      old_forge, minmay_temple_entry_purple_smoke, minmay_misc_feat_encased,
          nrook_loot_triangle, grunt_tough_drop, uniq_duvessa
D:7:      gammafunk_ghost_grave, grunt_livestock
D:8:      serial_glass, glass_columns_a, glass_columns_b,
          gammafunk_ghost_hydra_chop, uniq_joseph, uniq_erica
D:9:      lemuel_round_altar, serial_shops, shop, minmay_unpleasant_kobolds
D:10:     erik_lair_dragon
D:11:     orc_0_dummy
D:12:     serial_bayou_lake_a, uniq_sonja, uniq_kirke
D:13:     david_vaults_4
D:14:     minmay_holes
Temple:   eino_temple_scatter_basement
Lair:1:   basic_altar
Lair:3:   swamp_mist, minmay_snake_entry_guardpost_small,
          grunt_forest_large_clearing_hut, lemuel_fruit_tree, uniq_fannar
Lair:5:   minmay_lair_venomous_thicket, grunt_megastairs_4
Lair:6:   cheibrodos_lair_end_hotspot, minmay_slime_entry_pillars,
          uniq_josephine
Swamp:1:  evilmike_swamp_ruin_house_5, swamp_pool1
Swamp:2:  hangedman_swamp_ruin_hall, infiniplex_staircase_pool_2
Swamp:3:  evilmike_swamp_ruin_house_3, swamp_pool5
Swamp:4:  swamp_alternative, swamp_pool1, nicolae_swamp_snake_nest
Orc:1:    nicolae_orc_sculptors_studio
Orc:2:    grunt_orc_cross, special_room
Elf:1:    elf_arrival_001, serial_shops, shop, minmay_elf_annihilation
Elf:2:    serial_shops, nicolae_shop_temple_entry_statues_fountains

Skill      XL: |  1  2  3  4  5  6  7  8  9 10 11 12 13 14 15 |
---------------+----------------------------------------------+-----
Axes           | 3 4 5 6 7 9 10 11 12 13 14 15 17 | 17.2
Fighting       | 4 5 6 7 8 9 10 11 12 13 14 | 14.6
Shields        | 4 5 6 7 8 9 10 12 13 15 | 15.0
Armour         | 4 5 6 7 8 9 10 11 12 13 14 | 14.6
Polearms       | 1 3 5 6 9 |  9.1
Evocations     | 2 3 5 6 7 9 10 | 10.0
Spellcasting   | |  0.2

Action                   |  1- 3 |  4- 6 |  7- 9 | 10-12 | 13-15 | 16-18 || total
-------------------------+-------+-------+-------+-------+-------+-------++-------
Melee: War axe           |   106 |   112 |    77 |       |     7 |       ||   302
       Headbutt          |    10 |    18 |    43 |   147 |   357 |     1 ||   576
       Spear             |       |       |   156 |   709 |  1087 |    17 ||  1969
       Broad axe         |       |       |       |     5 |   408 |     2 ||   415
Evoke: Wand              |       |       |       |     3 |     5 |     1 ||     9
  Use: Scroll            |       |     5 |     4 |    13 |    20 |       ||    42
       Potion            |       |       |       |     3 |     5 |       ||     8
 Stab: Paralysed         |       |       |       |       |     1 |       ||     1
  Eat: Chunk             |     1 |     4 |     6 |    19 |    20 |       ||    50
       Ration            |       |       |     1 |     7 |    10 |       ||    18
Armor: Scale mail        |    39 |    61 |     6 |       |       |       ||   106
       Ring mail         |       |     2 |       |       |       |       ||     2
       Quicksilver drago |       |       |    44 |   104 |   233 |    35 ||   416
       Plate armour      |       |       |       |     2 |   169 |       ||   171
Dodge: Dodged            |    37 |    47 |    33 |    97 |   226 |    12 ||   452
Block: Shield            |    49 |    88 |    72 |   315 |   799 |    23 ||  1346
       Reflection        |       |       |       |    21 |    39 |       ||    60

Table legend:
 A = Spawn XP
 B = Non-spawn XP
 C = Spawn XP percentage of total XP
 D = Spawn monster count
 E = Non-spawn monster count
 F = Spawn count percentage of total count
 G = Total turns spent on level
                    A         B        C        D         E        F      G
               +---------+---------+-------+---------+---------+-------+---------
         Total |       0 |  155673 |   0.0 |       0 |     703 |   0.0 | 34328
               +---------+---------+-------+---------+---------+-------+---------
           D:1 |       0 |      61 |   0.0 |       0 |      35 |   0.0 |   744
           D:2 |       0 |      55 |   0.0 |       0 |      15 |   0.0 |   447
           D:3 |       0 |     274 |   0.0 |       0 |      26 |   0.0 |  1182
           D:4 |       0 |     821 |   0.0 |       0 |      35 |   0.0 |  1167
           D:5 |       0 |     350 |   0.0 |       0 |       6 |   0.0 |   460
           D:7 |       0 |    2349 |   0.0 |       0 |      30 |   0.0 |   883
           D:8 |       0 |    4716 |   0.0 |       0 |      29 |   0.0 |  1119
           D:9 |       0 |    2273 |   0.0 |       0 |      24 |   0.0 |   857
          D:10 |       0 |    2649 |   0.0 |       0 |      10 |   0.0 |  1372
          D:11 |       0 |    9181 |   0.0 |       0 |      50 |   0.0 |  3094
          D:12 |       0 |    4283 |   0.0 |       0 |      25 |   0.0 |  1383
          D:13 |       0 |    8177 |   0.0 |       0 |      36 |   0.0 |  1293
        Lair:1 |       0 |    7582 |   0.0 |       0 |      27 |   0.0 |  1706
        Lair:2 |       0 |    2870 |   0.0 |       0 |      12 |   0.0 |  1030
        Lair:3 |       0 |    9822 |   0.0 |       0 |      27 |   0.0 |  1391
        Lair:4 |       0 |    7839 |   0.0 |       0 |      33 |   0.0 |  1535
        Lair:5 |       0 |    6611 |   0.0 |       0 |      34 |   0.0 |  1594
        Lair:6 |       0 |     142 |   0.0 |       0 |       1 |   0.0 |     9
       Swamp:1 |       0 |   16315 |   0.0 |       0 |      36 |   0.0 |  1809
       Swamp:2 |       0 |   14415 |   0.0 |       0 |      41 |   0.0 |  1422
       Swamp:3 |       0 |   19746 |   0.0 |       0 |      51 |   0.0 |  1741
       Swamp:4 |       0 |    6869 |   0.0 |       0 |      17 |   0.0 |   392
         Orc:1 |       0 |    5593 |   0.0 |       0 |      29 |   0.0 |  2385
         Orc:2 |       0 |    6880 |   0.0 |       0 |      48 |   0.0 |  3382
         Elf:1 |       0 |   15800 |   0.0 |       0 |      26 |   0.0 |  1889
               +---------+---------+-------+---------+---------+-------+---------
